[Event "Titled Tuesday Blitz January 31 Early 2023"]
[White "Sowul, Bartosz"]
[Black "Clawitter, Craig"]
[WhiteFideId "1137590"]
[BlackFideId "2023105"]
[WhiteElo "2269"]
[BlackElo "2050"]
[Result "1-0"]
[Round "03"]
[TimeControl "180+2"]
[Date "2023.01.31"]
[WhiteClock "0:00:40"]
[BlackClock "0:00:12"]

1. e4 e6 2. d4 d5 3. Nc3 Bb4 4. e5 c5 5. a3 Bxc3+ 6. bxc3 Ne7 7. Qg4 Qc7 8. Bd3 c4 9. Be2 Qa5 10. Bd2 Nf5 11. Qf3 Nc6 12. g4 Nh4 13. Qg3 Ng6 14. h4 Bd7 15. h5 Nge7 16. h6 g6 17. Nh3 O-O-O 18. Ng5 Rdf8 19. f4 f6 20. exf6 Rxf6 21. Nf3 Rhf8 22. O-O Qc7 23. Ng5 Be8 24. Qe3 Ng8 25. Nxe6 Qe7 26. Nxf8 Qxf8 27. g5 Rf7 28. Bg4+ Bd7 29. Bxd7+ Rxd7 30. Qe6 Nge7 31. f5 Nxf5 32. Rae1 Kd8 33. Bf4 Re7 34. Qxd5+ Ke8 35. Bd6 Nxd6 36. Rxf8+ 1-0


[Site "https://www.chess.com"]

[Event "Titled Tuesday Blitz January 31 Early 2023"]
[White "Dos Santos, Emmanuel"]
[Black "Mosquera, Miguel"]
[WhiteFideId "2103559"]
[BlackFideId "4401131"]
[WhiteElo "2261"]
[BlackElo "2371"]
[Result "1-0"]
[Round "03"]
[TimeControl "180+2"]
[Date "2023.01.31"]
[WhiteClock "0:00:01"]
[BlackClock "0:00:01"]

1. e4 c5 2. Nf3 d6 3. d4 cxd4 4. Qxd4 Nc6 5. Bb5 Bd7 6. Qd3 Nf6 7. O-O e6 8. c4 Be7 9. Nc3 O-O 10. Bg5 Ne5 11. Nxe5 dxe5 12. Bxf6 Bxb5 13. Qxd8 Bxd8 14. Bxd8 Bxc4 15. Bc7 Bxf1 16. Kxf1 f6 17. Rd1 Rac8 18. Rd7 Rf7 19. Rxf7 Kxf7 20. Bd6 Rd8 21. Ba3 a6 22. Ke2 Rd7 23. Na4 Rd4 24. Nc3 b5 25. Bc5 Rc4 26. Be3 b4 27. Kd3 Rc8 28. Na4 a5 29. b3 Rc6 30. Nc5 f5 31. f3 g5 32. g3 f4 33. gxf4 exf4 34. Bf2 Rd6+ 35. Ke2 Rc6 36. e5 Kg6 37. Kd3 Kf5 38. Bd4 Rc8 39. Kc4 Rd8 40. Nb7 Rd5 41. Nd6+ Kg6 42. Ne4 1-0


[Site "https://www.chess.com"]

[Event "Titled Tuesday Blitz January 31 Early 2023"]
[White "Battlecruiser_Operational"]
[Black "Alhadad, Mahmoud"]
[BlackFideId "11501863"]
[WhiteElo "2422"]
[BlackElo "1840"]
[Result "1-0"]
[Round "03"]
[TimeControl "180+2"]
[Date "2023.01.31"]
[WhiteClock "0:00:06"]
[BlackClock "0:00:05"]

1. d4 d5 2. Nf3 Nc6 3. g3 Bg4 4. Bg2 Nf6 5. Bf4 e6 6. h3 Bh5 7. Nbd2 Bd6 8. Bxd6 cxd6 9. O-O O-O 10. c3 e5 11. g4 Bg6 12. e3 Qb6 13. Qb3 Qxb3 14. axb3 h5 15. gxh5 Bxh5 16. Nh4 Be2 17. Rfe1 Bd3 18. b4 a6 19. Rad1 g6 20. Nf1 Be4 21. Nf3 b5 22. Re2 Bxf3 23. Bxf3 e4 24. Bg2 a5 25. bxa5 Rxa5 26. Nd2 Ra2 27. Rb1 Na5 28. f3 Nc4 29. Nb3 Re8 30. Nc1 Ra7 31. f4 Rea8 32. Nb3 Ra2 33. Kf2 Kg7 34. Bf1 Nd7 35. Kg3 Nf8 36. h4 Ne6 37. Bh3 Kf6 38. Bg4 Ng7 39. Kf2 Rh8 40. Kg3 Nf5+ 41. Bxf5 Kxf5 42. Nc1 Raa8 43. b3 Nb6 44. Rbb2 Rh5 45. Ra2 Rah8 46. Rh2 f6 47. Ra6 Nc8 48. Rc6 Ne7 49. Rxd6 g5 50. fxg5 fxg5 51. Rf2# 1-0


[Site "https://www.chess.com"]

[Event "Titled Tuesday Blitz January 31 Early 2023"]
[White "Hrbek, Stepan"]
[Black "Sanchez, Robert"]
[WhiteFideId "393479"]
[BlackFideId "2034360"]
[WhiteElo "2306"]
[BlackElo "1966"]
[Result "0-1"]
[Round "03"]
[TimeControl "180+2"]
[Date "2023.01.31"]
[WhiteClock "0:00:31"]
[BlackClock "0:00:57"]

1. Nf3 d5 2. g3 Nc6 3. d4 Bf5 4. c3 Qd7 5. h3 O-O-O 6. Bg2 f6 7. g4 Be4 8. Nbd2 Bg6 9. Nh4 Bf7 10. e4 e5 11. dxe5 Nxe5 12. Qe2 h5 13. Nf5 hxg4 14. hxg4 Rxh1+ 15. Bxh1 g6 16. Ne3 d4 17. cxd4 Qxd4 18. Nb3 Bb4+ 19. Kf1 Qb6 20. Nd5 Qd6 21. Be3 Ne7 22. Nxb4 Bc4 23. Nd5 Nxd5 24. exd5 Qa6 25. Qxc4 Qxc4+ 26. Kg1 Qxg4+ 27. Kf1 Nc4 28. Bg2 f5 29. Bd4 Nd2+ 30. Kg1 Nxb3 31. Bf6 Nxa1 0-1


[Site "https://www.chess.com"]

[Event "Titled Tuesday Blitz January 31 Early 2023"]
[White "Krzywda, Andrzej"]
[Black "Osmonbekov, Talaibek"]
[WhiteFideId "1114565"]
[BlackFideId "2017253"]
[WhiteElo "2223"]
[BlackElo "2137"]
[Result "1-0"]
[Round "03"]
[TimeControl "180+2"]
[Date "2023.01.31"]
[WhiteClock "0:01:21"]
[BlackClock "0:00:47"]

1. d4 e6 2. c4 f5 3. Nf3 Nf6 4. g3 Be7 5. Bg2 O-O 6. O-O d6 7. Nc3 a5 8. Re1 Ne4 9. Nd2 Nxc3 10. bxc3 e5 11. e4 f4 12. a4 Qe8 13. c5 Nc6 14. Nc4 Qf7 15. d5 fxg3 16. fxg3 Qf2+ 17. Kh1 Qxc5 18. Qd3 Nb8 19. Be3 b5 20. Bxc5 bxc4 21. Qxc4 Ba6 22. Qa2 dxc5 23. d6+ 1-0


[Site "https://www.chess.com"]

[Event "Titled Tuesday Blitz January 31 Early 2023"]
[White "Chakravarthi Reddy, M"]
[Black "Kuchava, Ana"]
[WhiteFideId "25009532"]
[BlackFideId "13605348"]
[WhiteElo "2279"]
[BlackElo "2101"]
[Result "1-0"]
[Round "03"]
[TimeControl "180+2"]
[Date "2023.01.31"]
[WhiteClock "0:02:08"]
[BlackClock "0:00:08"]

1. d4 d5 2. c4 e6 3. Nf3 Nf6 4. g3 Bb4+ 5. Nbd2 O-O 6. Bg2 c6 7. O-O b6 8. a3 Be7 9. Qc2 Bb7 10. e4 dxe4 11. Ng5 Nbd7 12. Ndxe4 Nxe4 13. Nxe4 Nf6 14. Rd1 Qc8 15. Bf4 Rd8 16. Rd2 c5 17. Nxf6+ Bxf6 18. d5 exd5 19. cxd5 Bd4 20. d6 Bxg2 21. Kxg2 Qc6+ 22. f3 h6 23. Rxd4 Rac8 24. Rd3 c4 25. Rd4 Qc5 26. Rad1 1-0


[Site "https://www.chess.com"]

[Event "Titled Tuesday Blitz January 31 Early 2023"]
[White "Estrada Nieto, Julian"]
[Black "Hernandez Bonilla, Amelia"]
[WhiteFideId "5101018"]
[BlackFideId "3900193"]
[WhiteElo "2215"]
[BlackElo "1960"]
[Result "1-0"]
[Round "03"]
[TimeControl "180+2"]
[Date "2023.01.31"]
[WhiteClock "0:02:05"]
[BlackClock "0:00:58"]

1. e4 c5 2. Nf3 d6 3. Bb5+ Nd7 4. d4 cxd4 5. Qxd4 Nf6 6. Bg5 a6 7. Bxd7+ Bxd7 8. Nc3 e6 9. O-O-O Be7 10. e5 dxe5 11. Nxe5 Bc6 12. Nxc6 bxc6 13. Bxf6 Bxf6 14. Qc5 Qc7 15. Ne4 Be7 16. Nd6+ Bxd6 17. Qxd6 Qxd6 18. Rxd6 Rc8 19. Rhd1 O-O 20. Rd7 Rb8 21. c4 Rb4 22. b3 a5 23. Ra7 a4 24. Rxa4 Rxa4 25. bxa4 Ra8 26. Kb2 Kf8 27. Kb3 Rb8+ 28. Ka3 Ke7 29. c5 e5 30. Rd6 Rc8 31. a5 f5 32. Ka4 e4 33. a6 g5 34. Ka5 Ra8 35. Kb6 f4 36. Rd4 1-0


[Site "https://www.chess.com"]

[Event "Titled Tuesday Blitz January 31 Early 2023"]
[White "Kornyukov, Alexey"]
[Black "Sai Han Thiha"]
[WhiteFideId "4150457"]
[BlackFideId "13012290"]
[WhiteElo "2452"]
[BlackElo "2070"]
[Result "1-0"]
[Round "03"]
[TimeControl "180+2"]
[Date "2023.01.31"]
[WhiteClock "0:00:20"]
[BlackClock "0:00:14"]

1. e4 c6 2. d4 d5 3. f3 dxe4 4. fxe4 e5 5. Nf3 Bg4 6. dxe5 Qxd1+ 7. Kxd1 Nd7 8. Bf4 Ne7 9. h3 Bxf3+ 10. gxf3 Ng6 11. Bg3 Ndxe5 12. f4 O-O-O+ 13. Ke1 Nf3+ 14. Kf2 Nd4 15. Bd3 Bc5 16. Kg2 f5 17. e5 Rhf8 18. c3 Ne6 19. Bc4 Nexf4+ 20. Bxf4 Nxf4+ 21. Kf3 g5 22. h4 h6 23. hxg5 hxg5 24. b4 b5 25. Bxb5 cxb5 26. bxc5 Rd3+ 27. Kf2 g4 28. Na3 g3+ 29. Kg1 Rd2 30. Nxb5 Rf2 31. Re1 Ne2+ 32. Rxe2 Rxe2 33. Rh7 Rxe5 34. Nxa7+ Kd8 35. Nc6+ Kc8 36. Nxe5 f4 37. Nf3 Rf5 38. Nd4 Rxc5 39. Rh8+ Kb7 40. Rh7+ Ka6 41. Rh6+ Ka7 42. Ne2 f3 43. Nxg3 Rxc3 44. Rh2 Rc1+ 45. Kf2 Rc2+ 46. Kg1 Rc1+ 47. Nf1 Kb6 48. Rf2 Rc3 49. Kh2 Ra3 50. Kg3 Kc5 51. Nh2 Kd4 52. Nxf3+ Ke4 53. Kg2 Ke3 54. Ne5 Ra5 55. Nc4+ Kd4 56. Nxa5 Kc5 57. Nb3+ Kb5 58. a4+ Kb4 59. a5 Kb5 60. a6 Kxa6 61. Rf6+ Kb5 62. Kf3 Kc4 63. Ke3 Kxb3 64. Rc6 Kb4 65. Kd4 Kb5 66. Rc1 1-0


[Site "https://www.chess.com"]

[Event "Titled Tuesday Blitz January 31 Early 2023"]
[White "Kostiukov, Alexandr"]
[Black "SicilianPanzer"]
[WhiteFideId "14108100"]
[WhiteElo "2271"]
[BlackElo "2195"]
[Result "0-1"]
[Round "03"]
[TimeControl "180+2"]
[Date "2023.01.31"]
[WhiteClock "0:00:48"]
[BlackClock "0:00:13"]

1. e4 e6 2. g3 d5 3. d3 dxe4 4. dxe4 Qxd1+ 5. Kxd1 e5 6. f3 Bc5 7. Nd2 a5 8. a4 Ne7 9. Nc4 Nbc6 10. c3 Be6 11. Be3 Bxc4 12. Bxc5 Bxf1 13. Kc2 Bg2 14. Ne2 Bxh1 15. Rxh1 O-O-O 16. h4 h5 17. Nc1 Rd7 18. Nb3 Rhd8 19. Be3 f5 20. Nc5 Rd6 21. Bg5 b6 22. Nb3 Rd3 23. Nd2 f4 24. Nc4 fxg3 25. Rg1 Rxf3 26. Ne3 Rd7 27. Kb3 Ng6 28. Nf5 Nd4+ 29. Kc4 Nxf5 30. exf5 Rxf5 31. Rxg3 e4 32. Re3 Ne5+ 33. Kb3 Nf3 34. Rxe4 Nxg5 35. hxg5 Rxg5 36. Re8+ Kb7 37. Rh8 g6 38. Kc4 Rg4+ 39. Kb3 Rg7 40. Ka3 Rg2 41. b4 Rh2 42. bxa5 bxa5 43. Kb3 g5 44. Kc4 g4 45. Kb5 Rg5+ 46. Kc4 g3 47. Kd4 g2 0-1


[Site "https://www.chess.com"]

[Event "Titled Tuesday Blitz January 31 Early 2023"]
[White "Sailer, Mike"]
[Black "Gjestemoen-VonHirsch, Andre"]
[WhiteFideId "2012901"]
[BlackFideId "1539531"]
[WhiteElo "2109"]
[BlackElo "2314"]
[Result "0-1"]
[Round "03"]
[TimeControl "180+2"]
[Date "2023.01.31"]
[WhiteClock "0:00:04"]
[BlackClock "0:00:11"]

1. d4 g6 2. Nf3 Bg7 3. Bf4 c5 4. e3 Qb6 5. Nc3 d6 6. Rb1 Nc6 7. h3 cxd4 8. exd4 Nxd4 9. Nxd4 Qxd4 10. Bb5+ Bd7 11. Bxd7+ Kxd7 12. Qf3 Qb4 13. O-O Nf6 14. a3 Qb6 15. Rfe1 Rac8 16. Rbd1 Qc6 17. Qe3 Rhe8 18. Qxa7 Nh5 19. Bh2 Bxc3 20. bxc3 Ra8 21. Qe3 Ng7 22. Qh6 Nf5 23. Qxh7 Qc4 24. g4 Rh8 25. Qxh8 Rxh8 26. gxf5 gxf5 27. Rd3 Ra8 28. Rde3 e6 29. Rd3 d5 30. Be5 Rxa3 31. Rg3 Ra2 32. Rg7 Ke7 33. Bd4 Rxc2 0-1


[Site "https://www.chess.com"]

[Event "Titled Tuesday Blitz January 31 Early 2023"]
[White "Ruge, Edison"]
[Black "Melikhov, Evgeny V."]
[WhiteFideId "4401000"]
[BlackFideId "4122046"]
[WhiteElo "2201"]
[BlackElo "2269"]
[Result "1/2-1/2"]
[Round "03"]
[TimeControl "180+2"]
[Date "2023.01.31"]
[WhiteClock "0:00:27"]
[BlackClock "0:00:07"]

1. e4 c5 2. Nf3 d6 3. d3 Nc6 4. g3 g6 5. Bg2 Bg7 6. O-O e6 7. h4 h6 8. c3 Nge7 9. h5 g5 10. Nh2 Rb8 11. f4 f6 12. Nd2 b5 13. Ndf3 b4 14. c4 e5 15. fxg5 hxg5 16. g4 Nd4 17. Nxd4 cxd4 18. Rf2 Nc6 19. Nf1 Qd7 20. Bf3 Nd8 21. Ng3 Ne6 22. Nf5 Nf4 23. Bxf4 gxf4 24. Rc1 Bf8 25. Rg2 Rg8 26. Nh4 Bh6 27. Ng6 Bg5 28. c5 dxc5 29. Rxc5 Ba6 30. Rgc2 Rc8 31. Rxc8+ Bxc8 32. Rc5 Ba6 33. Qb3 Rg7 34. Qxb4 Qb7 35. Rxe5+ fxe5 36. Qf8+ Kd7 37. Qxg7+ Kc6 38. Qxb7+ Kxb7 39. Nxe5 Kc7 40. Be2 Kd6 41. Nf3 Bf6 42. g5 Bh8 43. h6 Ke7 44. e5 Bc8 45. Kf2 Bf5 46. Nxd4 Bg6 47. Nf3 Ke6 48. d4 Kd5 49. b3 Ke4 50. Bc4 Bh5 51. e6 Bxf3 52. e7 Bh5 53. Bb5 Kf5 54. e8=Q Bxd4+ 55. Kf1 Bxe8 56. Bxe8 Kxg5 57. h7 Kh6 58. Ke2 Kxh7 59. Kf3 Be3 60. Ke4 Kg7 61. Kd5 Kf8 62. Bh5 Ke7 63. Kc6 Kf6 64. b4 Kg5 65. Bf3 Kh4 66. a4 Kg3 67. Bd5 f3 68. a5 f2 69. Bc4 Kg2 70. b5 f1=Q 71. Bxf1+ Kxf1 72. b6 axb6 73. a6 b5 74. Kxb5 Ke2 75. Kc6 Kd3 76. Kb7 Kc4 77. a7 Bxa7 1/2-1/2


[Site "https://www.chess.com"]

[Event "Titled Tuesday Blitz January 31 Early 2023"]
[White "Marin Ramirez, Gerardo"]
[Black "Vasques, Antonio Pedro Freixial"]
[WhiteFideId "3901068"]
[BlackFideId "1908332"]
[WhiteElo "2127"]
[BlackElo "2214"]
[Result "1-0"]
[Round "03"]
[TimeControl "180+2"]
[Date "2023.01.31"]
[WhiteClock "0:00:09"]
[BlackClock "0:00:24"]

1. d4 Nf6 2. Nf3 g6 3. g3 Bg7 4. Bg2 O-O 5. c4 c6 6. O-O d5 7. Nc3 dxc4 8. a4 a5 9. e3 Nd5 10. Nd2 Be6 11. Nce4 Nd7 12. Nxc4 b5 13. Ncd2 h6 14. Qe2 Qb6 15. Rd1 Rab8 16. Nb3 bxa4 17. Nbc5 Nxc5 18. Nxc5 Qb5 19. Bf1 Qxe2 20. Bxe2 Bh3 21. Rxa4 e5 22. Rxa5 exd4 23. exd4 Rfe8 24. Bf3 Bxd4 25. Ne4 Bxb2 26. Bxb2 Rxb2 27. Raxd5 cxd5 28. Nf6+ Kf8 29. Nxe8 Kxe8 30. Bxd5 Ke7 31. Bg2 Ke6 32. Bxh3+ f5 33. Bf1 Ke5 34. Re1+ Kf6 35. Bc4 Rd2 36. Re6+ Kg7 37. h4 Rc2 38. Rc6 Rc3 39. Bd5 Rd3 40. Bc4 Rd4 41. Kg2 f4 42. Be2 g5 43. hxg5 hxg5 44. gxf4 Rxf4 45. Rc3 Kf6 46. Rf3 Ke5 47. Rxf4 Kxf4 48. Kh3 Ke5 49. Bg4 Kf4 50. f3 Ke3 51. Kg2 Kf4 52. Kf1 Kg3 53. Ke1 Kg2 54. Ke2 Kg3 55. Ke3 Kh4 56. Ke4 Kg3 57. Kf5 Kh4 58. f4 Kg3 59. Kxg5 1-0


[Site "https://www.chess.com"]

[Event "Titled Tuesday Blitz January 31 Early 2023"]
[White "Cramling Bellon, Anna"]
[Black "Silvestre, Christian"]
[WhiteFideId "32009232"]
[BlackFideId "30956269"]
[WhiteElo "2043"]
[BlackElo "1942"]
[Result "1-0"]
[Round "03"]
[TimeControl "180+2"]
[Date "2023.01.31"]
[WhiteClock "0:00:03"]
[BlackClock "0:00:06"]

1. d4 e5 2. dxe5 Nc6 3. Nf3 Qe7 4. Bf4 Qb4+ 5. Bd2 Qxb2 6. Nc3 Bb4 7. Rb1 Qxc3 8. Bxc3 Bxc3+ 9. Nd2 Nxe5 10. e3 d6 11. Be2 Nf6 12. f3 O-O 13. O-O Re8 14. Rb3 Ba5 15. Nc4 Nxc4 16. Bxc4 Bb6 17. Re1 Bd7 18. Kf2 Ba4 19. Ra3 Bc6 20. Rb3 Rad8 21. Rxb6 axb6 22. Qb1 d5 23. Bb5 Re6 24. Bxc6 Rxc6 25. Qb3 Ra8 26. Rd1 h6 27. h3 Ra5 28. Kg1 Rc4 29. e4 Rac5 30. exd5 Rxc2 31. d6 cxd6 32. Rxd6 Rc6 33. Rd8+ Kh7 34. Qd3+ g6 35. Qb3 Kg7 36. Qe3 Rxa2 37. Qe7 Nh5 38. Rf8 Rf6 39. Rb8 Re6 40. Qd7 g5 41. Rxb7 1-0


[Site "https://www.chess.com"]

[Event "Titled Tuesday Blitz January 31 Early 2023"]
[White "Mitrovic, Darko R"]
[Black "Ansh M Shah"]
[WhiteFideId "927023"]
[BlackFideId "25033379"]
[WhiteElo "2220"]
[BlackElo "2171"]
[Result "1/2-1/2"]
[Round "03"]
[TimeControl "180+2"]
[Date "2023.01.31"]
[WhiteClock "0:00:08"]
[BlackClock "0:00:18"]

1. d4 Nf6 2. Nf3 e6 3. g3 d5 4. Bg2 Be7 5. O-O O-O 6. c4 dxc4 7. Qa4 a6 8. Qxc4 b5 9. Qc2 Bb7 10. Nbd2 Nbd7 11. Nb3 Rc8 12. Nc5 Nxc5 13. dxc5 Be4 14. Qc3 Nd5 15. Qd4 f5 16. c6 Bf6 17. Qa7 Ra8 18. Qc5 Qe7 19. Qxe7 Nxe7 20. Bf4 Rac8 21. Rac1 Bxb2 22. Rcd1 Bxc6 23. Be5 Bxe5 24. Nxe5 Bxg2 25. Kxg2 Rfd8 26. Rxd8+ Rxd8 27. Rc1 Nd5 28. Rc6 Rd6 29. Rc5 g6 30. f3 Kg7 31. e4 Kf6 32. exd5 Kxe5 33. dxe6+ Kxe6 34. Rxc7 Rd2+ 35. Kh3 Rxa2 36. Rxh7 a5 37. Ra7 Ra3 38. f4 Kf6 39. Ra6+ Kg7 40. Kh4 Kh6 41. h3 b4 42. g4 fxg4 43. hxg4 Kg7 44. Kg5 Kf7 45. Ra7+ Ke6 46. Kxg6 b3 47. f5+ Ke5 48. f6 Ra4 49. g5 b2 50. f7 b1=Q+ 51. Kg7 Rf4 52. Re7+ Kd6 53. Re8 Qf5 54. f8=Q+ Qxf8+ 55. Rxf8 Rxf8 56. Kxf8 a4 57. g6 a3 58. g7 a2 59. g8=Q a1=Q 60. Qg6+ Kc5 61. Qf5+ Kc6 62. Qe6+ Kc7 63. Qe7+ Kb6 64. Qd6+ Kb7 65. Qd7+ Kb6 66. Qd6+ Kb5 67. Qd5+ Kb4 68. Qd6+ Kc4 69. Qc6+ Kd3 70. Qd5+ Ke3 71. Qe6+ Kf4 72. Qf7+ Ke4 73. Qe7+ Kf5 74. Qf7+ Ke4 75. Qe7+ Kf3 76. Qf7+ Ke2 77. Qe7+ Kd3 78. Qd7+ Kc4 79. Qc7+ Kb5 80. Qb7+ Kc5 81. Qc7+ Kd5 82. Qd7+ Ke4 83. Qe7+ 1/2-1/2


[Site "https://www.chess.com"]

[Event "Titled Tuesday Blitz January 31 Early 2023"]
[White "Kirillov, Dmitry"]
[Black "Ricaurte Lopez, Juan Carlos"]
[WhiteFideId "34180572"]
[BlackFideId "3600327"]
[WhiteElo "2179"]
[BlackElo "2226"]
[Result "1-0"]
[Round "03"]
[TimeControl "180+2"]
[Date "2023.01.31"]
[WhiteClock "0:00:03"]
[BlackClock "0:00:03"]

1. e4 e5 2. Nf3 Nc6 3. d4 exd4 4. c3 d5 5. exd5 Qxd5 6. cxd4 Bg4 7. Be2 O-O-O 8. Nc3 Qh5 9. Be3 Nf6 10. Qa4 Nd5 11. Nxd5 Qxd5 12. O-O Bd6 13. h3 h5 14. b4 Bxb4 15. Rfc1 Bd7 16. Rxc6 Bxc6 17. Qxb4 f6 18. Bc4 Qe4 19. Rc1 g5 20. Qa5 g4 21. Ne1 gxh3 22. d5 Rxd5 23. Bxd5 Qxd5 24. Qxd5 Bxd5 25. gxh3 Bxa2 26. Ra1 Bd5 27. Rxa7 b6 28. Ra4 Kb7 29. Rf4 c5 30. Rxf6 Re8 31. h4 Rg8+ 32. Kh2 Rg4 33. Rf4 Rxf4 34. Bxf4 b5 35. Be3 Kc6 36. Nd3 b4 37. Bxc5 Be4 38. Nxb4+ Kxc5 39. Na2 1-0


[Site "https://www.chess.com"]

[Event "Titled Tuesday Blitz January 31 Early 2023"]
[White "Buscar, Michael"]
[Black "Hertlein, Irena"]
[WhiteFideId "2603616"]
[BlackFideId "21817618"]
[WhiteElo "2041"]
[BlackElo "1994"]
[Result "1-0"]
[Round "03"]
[TimeControl "180+2"]
[Date "2023.01.31"]
[WhiteClock "0:01:15"]
[BlackClock "0:00:01"]

1. Nf3 c5 2. b3 d6 3. Bb2 e5 4. e3 g6 5. c4 Bg7 6. d3 f5 7. Be2 Nc6 8. O-O Nge7 9. Nc3 O-O 10. Nd5 Nxd5 11. cxd5 Ne7 12. e4 f4 13. a3 a5 14. b4 b6 15. bxc5 bxc5 16. Bc3 h6 17. Nd2 g5 18. Nc4 Ng6 19. Bg4 Bxg4 20. Qxg4 Rf6 21. f3 Nf8 22. Rab1 h5 23. Qxg5 Qe8 24. Rb7 Rg6 25. Qe7 Qc8 26. Kh1 Rb8 27. Rfb1 Rxb7 28. Rxb7 h4 29. Nxd6 1-0


[Site "https://www.chess.com"]

[Event "Titled Tuesday Blitz January 31 Early 2023"]
[White "Vukcevic, Nemanja"]
[Black "Tuleyeva-Aketayeva, Dana"]
[WhiteFideId "941808"]
[BlackFideId "13701932"]
[WhiteElo "2305"]
[BlackElo "2130"]
[Result "0-1"]
[Round "03"]
[TimeControl "180+2"]
[Date "2023.01.31"]
[WhiteClock "0:00:04"]
[BlackClock "0:00:03"]

1. e4 c5 2. Nf3 Nc6 3. d4 cxd4 4. Nxd4 g6 5. Nc3 Bg7 6. Be3 Nf6 7. Bc4 O-O 8. Bb3 d6 9. f3 Bd7 10. Qd2 Nxd4 11. Bxd4 b5 12. O-O-O a5 13. a4 bxa4 14. Nxa4 Rb8 15. Bc3 Qe8 16. Bxf6 Bxf6 17. Nc3 a4 18. Ba2 Qc8 19. f4 Bxc3 20. Qxc3 Qxc3 21. bxc3 Rfc8 22. Kd2 Rb2 23. Ra1 Bc6 24. Rhe1 Rcb8 25. Kd3 Bb5+ 26. c4 Bc6 27. g3 Kf8 28. Reb1 f5 29. exf5 gxf5 30. Rxb2 Rxb2 31. Kc3 Rb8 32. Re1 Be4 33. g4 e6 34. gxf5 exf5 35. Rg1 Rc8 36. Kd4 Rb8 37. Kc3 Rc8 38. Rg5 d5 39. Kd4 dxc4 40. Bxc4 Rd8+ 41. Ke5 Ke7 42. Rg7+ Ke8 43. Kf6 Rd6+ 44. Be6 Kd8 45. Rxh7 Bd5 46. Rh8+ Kc7 47. Rc8+ Kb6 48. Ke5 Bxe6 49. Kxd6 Bxc8 50. c4 a3 51. c5+ Kb7 52. c6+ Kb8 53. h4 a2 54. h5 0-1


[Site "https://www.chess.com"]

[Event "Titled Tuesday Blitz January 31 Early 2023"]
[White "Novikova, Galina"]
[Black "Kiseleva, Arina"]
[WhiteFideId "4157095"]
[BlackFideId "4164989"]
[WhiteElo "2073"]
[BlackElo "1962"]
[Result "1/2-1/2"]
[Round "03"]
[TimeControl "180+2"]
[Date "2023.01.31"]
[WhiteClock "0:01:13"]
[BlackClock "0:00:07"]

1. e4 c6 2. d4 d5 3. e5 Bf5 4. Nc3 e6 5. g4 Bg6 6. Nge2 h5 7. Nf4 Bh7 8. Nxh5 c5 9. Be3 Nc6 10. Bb5 Qb6 11. Qd2 a6 12. Bxc6+ bxc6 13. O-O-O cxd4 14. Qxd4 Qxd4 15. Bxd4 c5 16. Be3 d4 17. Bxd4 cxd4 18. Rxd4 Bc5 19. Rd2 Ne7 20. Nxg7+ Kf8 21. Nh5 Bb4 22. Rhd1 Nd5 23. Nf6 Nxc3 24. Rd8+ Kg7 25. Nh5+ Kh6 26. Rxh8 Rxh8 27. bxc3 Ba3+ 28. Kd2 Rd8+ 29. Ke2 Rxd1 30. Kxd1 Kg5 31. f3 Be7 32. Ke2 Bg6 33. Ng3 Kf4 34. Kf2 Kxe5 35. Ne2 Bc5+ 36. Kg2 Bxc2 37. h4 Bd3 38. Ng3 Be3 39. h5 Kd5 40. Kh3 Kc4 41. Kh4 Kxc3 42. g5 Kb2 43. Kg4 Kxa2 44. h6 a5 45. f4 Bh7 46. Nh5 a4 47. Nf6 Bg6 48. h7 Bxh7 49. Nxh7 a3 50. Nf6 Bd4 51. Ne4 Kb2 52. Nd2 a2 53. Nc4+ Kb3 54. Nd2+ Kc2 55. g6 fxg6 56. Ne4 a1=Q 57. Ng3 Qg1 58. Kh3 Bf2 59. Ne2 Qh1+ 60. Kg4 Qd1 61. Kf3 Bc5 62. f5 gxf5 63. Kf4 Qxe2 64. Kg5 Qg4+ 65. Kf6 f4 66. Ke5 f3 67. Kf6 f2 68. Ke5 f1=Q 1/2-1/2


[Site "https://www.chess.com"]

[Event "Titled Tuesday Blitz January 31 Early 2023"]
[White "Adithya A Chullikkad"]
[Black "Pourkashiyan, Atousa"]
[WhiteFideId "45078734"]
[BlackFideId "12502014"]
[WhiteElo "2259"]
[BlackElo "2282"]
[Result "1-0"]
[Round "03"]
[TimeControl "180+2"]
[Date "2023.01.31"]
[WhiteClock "0:00:09"]
[BlackClock "0:00:03"]

1. e4 c5 2. Nf3 e6 3. c4 Nc6 4. d4 cxd4 5. Nxd4 Nf6 6. Nc3 Bb4 7. f3 Qa5 8. Nxc6 Bxc3+ 9. bxc3 Qxc3+ 10. Bd2 Qa3 11. Bb4 Qe3+ 12. Be2 bxc6 13. Qd6 Kd8 14. Qe7+ Kc7 15. Bd6+ Kb6 16. Rb1+ Ka6 17. c5+ Ka5 18. Bc7+ Ka4 19. Qd6 Qc3+ 20. Kf2 Qc2 21. Qd1 Qxd1 22. Bxd1+ Ka3 23. Rb3+ Kxa2 24. Bc2 Ba6 25. Be5 Bc4 26. Ra1# 1-0


[Site "https://www.chess.com"]

[Event "Titled Tuesday Blitz January 31 Early 2023"]
[White "Levine, David"]
[Black "Foerster-Yialamas, Lucas"]
[WhiteFideId "2011611"]
[BlackFideId "30901774"]
[WhiteElo "2040"]
[BlackElo "2151"]
[Result "0-1"]
[Round "03"]
[TimeControl "180+2"]
[Date "2023.01.31"]
[WhiteClock "0:00:01"]
[BlackClock "0:00:44"]

1. d4 Nf6 2. c4 g6 3. g3 d6 4. Bg2 Bg7 5. Nf3 O-O 6. O-O c5 7. dxc5 dxc5 8. Ne5 Nfd7 9. Nd3 Nc6 10. Nc3 e6 11. Be3 Qe7 12. Na4 Nd4 13. Rb1 Rb8 14. b4 cxb4 15. Nxb4 Nf5 16. Bd2 Rd8 17. Qc1 Nc5 18. Nc3 Bd7 19. Bg5 f6 20. Bf4 e5 21. Nbd5 Qf7 22. Bd2 Rbc8 23. Qa3 a6 24. Rfd1 Bf8 25. Qc1 Be6 26. Rb6 Bd6 27. Qb1 Rd7 28. Ne4 Nxe4 29. Bxe4 Rxc4 30. g4 Bxd5 0-1


[Site "https://www.chess.com"]

[Event "Titled Tuesday Blitz January 31 Early 2023"]
[White "Kakulidis, Ellen"]
[Black "Andreev, Konstantin"]
[WhiteFideId "1444972"]
[BlackFideId "24239305"]
[WhiteElo "2046"]
[BlackElo "2195"]
[Result "0-1"]
[Round "03"]
[TimeControl "180+2"]
[Date "2023.01.31"]
[WhiteClock "0:00:03"]
[BlackClock "0:00:46"]

1. d4 Nf6 2. c4 e6 3. Nf3 d5 4. g3 Bb4+ 5. Bd2 a5 6. Bg2 O-O 7. a3 Be7 8. Qc2 c6 9. O-O Nbd7 10. b3 b6 11. Bc3 Ba6 12. Nbd2 Qb8 13. e4 a4 14. e5 axb3 15. Qxb3 dxc4 16. Nxc4 Nd5 17. Rfd1 Bb5 18. Rd2 Qa7 19. Nb2 Bxa3 20. Nc4 Bxc4 21. Qxc4 Nxc3 22. Qxc3 Bb2 23. Rxa7 Bxc3 24. Rxa8 Rxa8 25. Rc2 Ra3 26. h4 b5 27. Ng5 b4 28. Bxc6 b3 29. Rxc3 b2 30. Rxa3 b1=Q+ 31. Kg2 h6 32. Ra8+ Nf8 33. Ne4 Qb6 34. Rc8 Qxd4 35. Nd6 Qxe5 36. Nxf7 Kxf7 37. Be8+ Kg8 0-1


[Site "https://www.chess.com"]

[Event "Titled Tuesday Blitz January 31 Early 2023"]
[White "Ramirez Vido, Robert Yorisan"]
[Black "Wickramasinghe, Minethma Lasandi"]
[WhiteFideId "3513823"]
[BlackFideId "9966170"]
[WhiteElo "2015"]
[BlackElo "1483"]
[Result "1-0"]
[Round "03"]
[TimeControl "180+2"]
[Date "2023.01.31"]
[WhiteClock "0:00:21"]
[BlackClock "0:00:01"]

1. f4 d5 2. Nf3 c5 3. g3 Nc6 4. Bg2 g6 5. d3 Bg7 6. O-O Nf6 7. Qe1 O-O 8. e4 dxe4 9. dxe4 Qc7 10. Nc3 Rd8 11. e5 Nd5 12. Nxd5 Rxd5 13. Ng5 Rd8 14. Be3 b6 15. Rd1 Bb7 16. Qf2 Nb4 17. a3 Nd5 18. Bc1 c4 19. f5 f6 20. Ne6 Qxe5 21. Nxd8 Rxd8 22. fxg6 hxg6 23. Rfe1 Qc7 24. Qf3 e5 25. Qg4 Qf7 26. c3 b5 27. Re2 f5 28. Qh4 Bf6 29. Bg5 Kg7 30. Qh6+ Kg8 31. Red2 e4 32. Qh4 Bxg5 33. Qxg5 Rd7 34. h4 Bc6 35. h5 Kh7 36. Bf1 gxh5 37. Rh2 Qg6 38. Rxh5+ Kg7 39. Qxf5 Qxf5 40. Rxf5 Kg6 41. Re5 e3 42. Be2 Kf6 43. Rh5 Re7 44. Rdxd5 Bxd5 45. Rxd5 a6 46. Kg2 Ke6 47. Rd4 Kf5 48. Rf4+ Kg5 49. Kf3 Re6 50. Rg4+ Kf6 51. Re4 Rd6 52. Kxe3 1-0


[Site "https://www.chess.com"]